 Dungeon Crawl Stone Soup version 0.17.1-1-g73c8601 (console) character file.

156 Kloppie the Skirmisher (level 5, -2/47 HPs)
             Began as a Centaur Fighter on Dec 11, 2015.
             Was an Initiate of Okawaru.
             Slain by Genom09's ghost (4 damage)
             ... on level 4 of the Dungeon.
             The game lasted 00:05:22 (2839 turns).

Kloppie the Skirmisher (Centaur Fighter)            Turns: 2839, Time: 00:05:22

Health: -2/47      AC:  7    Str: 24    XL:     5   Next: 14%
Magic:  5/5        EV:  5    Int:  7    God:    Okawaru [......]
Gold:   160        SH:  9    Dex:  9    Spells: 0 memorised, 4 levels left

rFire  . . .     SeeInvis .     a - +0 flail
rCold  . . .     Clarity  .     b - +0 scale mail
rNeg   . . .     SustAt   .     c - +0 shield
rPois  .         Gourm    .     q - +0 helmet
rElec  .         Spirit   .     (no cloak)
rCorr  .         Warding  .     (no gloves)
rMut   .         Stasis   .     (no barding)
MR     .....                    (no amulet)
Stlth  ..........               (no ring)
                                (no ring)

@: mighty, very quick, not resistant to hostile enchantments, extremely
unstealthy
A: hooves 3, deformed body, speed 2, tough skin 3
a: Renounce Religion


You were on level 4 of the Dungeon.
You worshipped Okawaru.
Okawaru was noncommittal.
You were hungry.

You visited 1 branch of the dungeon, and saw 4 of its levels.

You collected 160 gold pieces.

Inventory:

Hand Weapons
 a - a +0 flail (weapon)
Armour
 b - a +0 scale mail (worn)
 c - a +0 shield (worn)
 q - a +0 helmet (worn)
Jewellery
 m - an uncursed amulet of regeneration {unknown}
 o - an uncursed ring of protection from fire {unknown}
 u - an uncursed amulet of warding {unknown}
Scrolls
 g - 5 scrolls of identify {unknown}
 i - a scroll of teleportation {unknown}
 j - a scroll of noise {unknown}
 s - a scroll of fear {unknown}
 w - a scroll of remove curse {unknown}
Potions
 h - a potion of flight {unknown}
 l - 2 potions of lignification {unknown}
 n - 2 potions of degeneration {unknown}
 p - a potion of mutation {unknown}
 v - a potion of curing {unknown}
Comestibles
 e - 4 bread rations
 f - 3 meat rations
 k - a beef jerky
 r - 5 fruits


   Skills:
 + Level 4.5 Fighting
 + Level 3.5 Maces & Flails
 - Level 2.3 Armour
 - Level 2.2 Shields


You had 4 spell levels left.
You didn't know any spells.

Dungeon Overview and Level Annotations

Branches:
Dungeon (4/15)
 Temple: D:4-7

Altars:
Fedhas
Nemelex Xobeh
Okawaru
Ru
Trog
Zin

Annotations:
D:3 Musteatbrain's ghost, amateur DsFi
D:4 Genom09's ghost, amateur MfTm


Innate Abilities, Weirdness & Mutations

You have hooves in place of feet.
Armour fits poorly on your strangely shaped body.
You cover ground very quickly.
You have extremely tough skin (AC +3).


Message History

* * * LOW HITPOINT WARNING * * *
You barely miss Genom09's ghost. Your kick misses Genom09's ghost.
Genom09's ghost is lightly damaged.
Genom09's ghost hits you!
* * * LOW HITPOINT WARNING * * *
You miss Genom09's ghost. Your kick misses Genom09's ghost.
Genom09's ghost is lightly damaged.
Genom09's ghost hits you but does no damage.
You miss Genom09's ghost.
Genom09's ghost is lightly damaged.
Genom09's ghost hits you.
* * * LOW HITPOINT WARNING * * *
You block Genom09's ghost's attack.
You barely miss Genom09's ghost. Your kick misses Genom09's ghost.
Genom09's ghost is lightly damaged.
Genom09's ghost hits you but does no damage.
You barely miss Genom09's ghost.
Genom09's ghost is lightly damaged.
Genom09's ghost hits you.
You die...

#.#
#.#
#.#
#.#
#.#
#.#
#.#
#@#
#W#
#.#
#.#
..#
.##
.
..


You could see Genom09's ghost.

Vanquished Creatures
  8 adders
  2 oozes
  A worm (D:3)
  An orc (D:3)
  A giant cockroach (D:2)
  10 goblins
  10 hobgoblins
  7 jackals
  15 kobolds
  A ball python (D:2)
  3 bats
  4 giant geckos
  4 giant newts
  2 rats (D:1)
69 creatures vanquished.

Notes
Turn   | Place    | Note
--------------------------------------------------------------
     0 | D:1      | Kloppie the Centaur Fighter began the quest for the Orb.
     0 | D:1      | Reached XP level 1. HP: 19/19 MP: 1/1
   102 | D:1      | Reached XP level 2. HP: 16/26 MP: 2/2
   582 | D:1      | Reached XP level 3. HP: 22/31 MP: 3/3
  1005 | D:2      | Found a bloodstained altar of Trog.
  1144 | D:2      | Found a blossoming altar of Fedhas.
  1423 | D:2      | Reached XP level 4. HP: 16/40 MP: 4/4
  1770 | D:2      | Reached skill level 4 in Fighting
  2365 | D:3      | Found a sparkling altar of Nemelex Xobeh.
  2365 | D:3      | Found a glowing silver altar of Zin.
  2370 | D:3      | Found a sacrificial altar of Ru.
  2370 | D:3      | Found an iron altar of Okawaru.
  2382 | D:3      | Reached XP level 5. HP: 37/47 MP: 5/5
  2392 | D:3      | Became a worshipper of Warmaster Okawaru
  2412 | D:3      | Noticed Musteatbrain's ghost (amateur DsFi)
  2726 | D:4      | Noticed Genom09's ghost (amateur MfTm)
  2837 | D:4      | HP: 1/47 [Genom09's ghost (4)]
  2839 | D:4      | Slain by Genom09's ghost

Action                   |  1- 3 |  4- 6 || total
-------------------------+-------+-------++-------
Melee: Flail             |   160 |   158 ||   318
  Use: Potion            |       |     1 ||     1
  Eat: Chunk             |     1 |     4 ||     5
